 Dungeon Crawl Stone Soup version 0.30-a0-6-g7c9e10e132 (webtiles) character file.

Game seed: 13331192911162801736

51 Setbun the Magician (level 4, -1/31 HPs)
             Began as a Djinni Fire Elementalist on Aug 22, 2022.
             Slain by a goblin
             ... wielding a +0 club
              (2 damage)
             ... on level 1 of the Dungeon.
             The game lasted 00:02:18 (1979 turns).

Setbun the Magician (Djinni Fire Elementalist)      Turns: 1979, Time: 00:02:18

Health: -1/31      AC:  2    Str:  7    XL:     4   Next: 7%
Gold:   82         EV: 16    Int: 18    God:
                   SH:  0    Dex: 14

rFire   + + .      SeeInvis .    (no weapon)
rCold   x . .      Faith    .    (no shield)
rNeg    . . .      Spirit   .    a - +0 robe
rPois   ∞          Reflect  .    (no helmet)
rElec   .          Harm     .    (no cloak)
rCorr   .          Rampage  .    (no gloves)
Will    .....                    (boots unavailable)
Stlth   ++........               (no amulet)
HPRegen 0.10/turn                b - +4 ring of evasion
MPRegen 0.00/turn                (no ring)

@: flying
A: sickness immunity, fire resistance 2, cold vulnerability 1, float, innate
caster, HP casting, extra vitality 1
a: no special abilities


You were on level 1 of the Dungeon.
You visited 1 branch of the dungeon, and saw 1 of its levels.

You collected 82 gold pieces.

Inventory:

Armour
 a - a +0 robe (worn)
Jewellery
 b - a +4 ring of evasion (left hand)
 f - a ring of positive energy
Scrolls
 c - a scroll of identify {unknown}
 d - a scroll of enchant weapon {unknown}
 g - a scroll of blinking {unknown}
Potions
 e - a potion of magic {unknown}


   Skills:
 - Level 2.1 Dodging
 - Level 1.5 Stealth
 * Level 3.6 Spellcasting


You couldn't memorise any spells.
You knew the following spells:

 Your Spells              Type           Power      Damage    Failure   Level
a - Foxfire               Conj/Fire      64%        2x1d7     3%          1
b - Scorch                Fire           32%        2d6       5%          2
c - Conjure Flame         Conj/Fire      16%        6-21      11%         3
d - Inner Flame           Hex/Fire       16%        N/A       11%         3
e - Flame Wave            Conj/Fire      16%        2d7       34%         4
f - Necrotise             Necr           64%        1d7       3%          1
Your spell library was empty.

Dungeon Overview and Level Annotations

Branches:
Dungeon (1/15)

Altars:


Innate Abilities, Weirdness & Mutations

You are immune to sickness and miasma.
You are immune to poison.
Your flesh is very heat resistant. (rF++)
You are vulnerable to cold. (rC-)
You float through the air rather than walking.
You learn spells naturally, not from books.
Your magical power is your life essence.
You have superior vitality. (+4 MHP)


Message History

The kobold attacks as you move away! The kobold barely misses you.
The foxfire hits the goblin.
The goblin is severely wounded.
The bat hits you but does no damage.
Casting: Foxfire (safe; 3% risk of failure)
Press: ? - help, Q - select action, (/) - cycle Dir - look around, f - activate You conjure some foxfire!
* * * LOW HITPOINT WARNING * * *
The bat barely misses you.
The foxfire hits the bat.
The bat is severely wounded.
The kobold closely misses you.
Casting: Foxfire (safe; 3% risk of failure)
Press: ? - help, Q - select action, (/) - cycle Dir - look around, f - activate You conjure some foxfire!
* * * LOW HITPOINT WARNING * * *
The foxfire hits the kobold.
The kobold is severely wounded.
The bat misses you. The goblin misses you.
The foxfire hits the bat but does no damage.
The bat is severely wounded.
The kobold hits you but does no damage.
Your foxfire dissipates!
The bat barely misses you.
Casting: Foxfire (safe; 3% risk of failure)
Press: ? - help, Q - select action, (/) - cycle Dir - look around, f - activate You conjure some foxfire!
* * * LOW HITPOINT WARNING * * *
The bat misses you. The kobold misses you.
The foxfire hits the goblin.
The goblin is severely wounded.
The foxfire hits the kobold.
You kill the kobold!
The bat closely misses you.
Casting: Foxfire (safe; 3% risk of failure)
Press: ? - help, Q - select action, (/) - cycle Dir - look around, f - activate You conjure some foxfire!
* * * LOW HITPOINT WARNING * * *
The bat barely misses you.
The foxfire hits the bat.
You kill the bat!
The goblin hits you with a +0 club.
You die...

.........##.######......#########
#...##.#.##.##.........v.........
......)........##################
..###############################
..#.................##......#...#
#.#...########..#...#....#....##.
#.#...#.... ##..##...###....#...
#.#...#....#####.......#......##.
#.#...#..⌠.#.#.8@†.......#...#..#
#.#...#....)S.rggv..##.##..#..)#.
#.#.).#....†wgr)..........##..#.#
......#....#.#.8......##......##.
..#...#....#####.....#......#..#.
..#...#.... ##....#...##..#...##
).#...########....##..#......#..#
..#..............#.......##.##..#
..#...###........#...#...#..#..#.


You could see a dart slug, a hobgoblin, 2 goblins, a ball python and 2 rats.

Vanquished Creatures
  A gnoll (D:1)
  A dart slug (D:1)
  4 bats (D:1)
  An endoplasm (D:1)
  3 giant cockroaches (D:1)
  3 goblins (D:1)
  3 hobgoblins (D:1)
  6 kobolds (D:1)
  2 quokkas (D:1)
  5 ball pythons (D:1)
  5 frilled lizards (D:1)
  5 rats (D:1)
39 creatures vanquished.

Vanquished Creatures (others)
  157 foxfires (D:1)
157 creatures vanquished.

Grand Total: 196 creatures vanquished

Notes
Turn   | Place    | Note
-------+----------+-------------------------------------------
     0 | D:1      | Setbun the Djinni Fire Elementalist began the quest for the
                  | Orb.
     0 | D:1      | Setbun set off with the following spells memorised:
                  | Foxfire, Scorch, Conjure Flame, Inner Flame, Flame Wave.
     0 | D:1      | Reached XP level 1. HP: 15/15 MP: 0/0
   162 | D:1      | Found a large runed translucent door.
   162 | D:1      | Found a large runed translucent door.
   370 | D:1      | Reached XP level 2. HP: 18/21 MP: 0/0
   388 | D:1      | Reached skill level 3 in Spellcasting
   665 | D:1      | Reached XP level 3. HP: 23/25 MP: 0/0
   665 | D:1      | Learned a level 1 spell: Necrotise
  1972 | D:1      | Reached XP level 4. HP: 4/31 MP: 0/0
  1979 | D:1      | Slain by a goblin

Illustrated notes

Levels and vault maps discovered:
D:1:      erik_arrival_cave_to_civilisation [erik_arrival_cave_to_temple],
          layout_basic, minmay_cupped

Skill      XL: |  1  2 |
---------------+-------+-----
Spellcasting   | 3 |  3.6
Dodging        | |  2.1
Stealth        | |  1.5

Action                   |  1- 3 |  4- 6 || total
-------------------------+-------+-------++-------
Melee: Unarmed           |     6 |       ||     6
 Cast: Foxfire           |   102 |     4 ||   106
Armor: Robe              |     5 |     2 ||     7
Dodge: Dodged            |    26 |    11 ||    37

Table legend: (Time is in decaauts)
 A = Elapsed time spent in this place.
 B = Non-inter-level travel time spent in this place.
 C = Inter-level travel time spent in this place.
 D = Time resting spent in this place.
 E = Time spent auto-exploring this place.
 F = Levels seen in this place.
 G = Mean time per level.
                   A        B        C        D        E       F      G
               +--------+--------+--------+--------+--------+-----+--------+
         Total |   1978 |   1978 |      0 |      2 |   1805 |   1 | 1978.0 |
       Dungeon |   1978 |   1978 |      0 |      2 |   1805 |   1 | 1978.0 |
               +--------+--------+--------+--------+--------+-----+--------+

Top non-repeatable levels by time:
     D:1: 1978 daAuts
